TOP OF THE 1ST |
Eugene Emeralds batting - Pitching for Williamsport Crosscutters : RHP Vince DeFord
|
Pitching: RHP Vince DeFord
|
|
Batting: RHB Du Kim
|
0-0: Ground out 6-3 (Groundball, 6, EV 102.5 MPH)
|
Batting: RHB Eric Wiss
|
0-0: Ball 1-0: Called Strike 1-1: Called Strike 1-2: Strikes out swinging
|
Batting: RHB Taylor Garofalo
|
0-0: Called Strike 0-1: Foul Ball, location: 2F 0-2: Ball 1-2: Foul Ball, location: 2F 1-2: Strikes out swinging
|
Top of the 1st over - 0 runs, 0 hits, 0 errors, 0 left on base; Eugene 0 - Williamsport 0 |
BOTTOM OF THE 1ST |
Williamsport Crosscutters batting - Pitching for Eugene Emeralds : RHP Carlos Zavala
|
Pitching: RHP Carlos Zavala
|
|
Batting: LHB Brent Dutcher
|
0-0: Called Strike 0-1: Called Strike 0-2: Foul Ball, location: 2F 0-2: Ball 1-2: Fly out, F5 (Popup, 5S, EV 64.4 MPH)
|
Batting: RHB Robby Adair
|
0-0: Foul Ball, location: 2F 0-1: Ball 1-1: Ball 2-1: Reached on error, E5 (Groundball, 56S, EV 82.5 MPH)
|
Batting: RHB Tak-keung Chieu
|
0-0: Ball 1-0: Swinging Strike 1-1: Called Strike Robby Adair steals 2nd base 1-2: Ground out 6-3 (Groundball, 56, EV 89.4 MPH)
|
Batting: LHB Matt Calitri
|
0-0: Called Strike 0-1: Ball 1-1: Ball 2-1: Ball 3-1: Foul Ball, location: 2F 3-2: Foul Ball, location: 2F 3-2: DOUBLE (Flyball, 78XD, EV 110.0 MPH) Robby Adair scores
|
Batting: RHB Bryan Alfaro
|
0-0: Ball 1-0: Ball 2-0: Called Strike 2-1: Ball 3-1: Base on Balls
|
Batting: SHB Brendan Bundy
|
0-0: Foul Ball, location: 2F 0-1: Foul Ball, location: 2F 0-2: Ball 1-2: DOUBLE (Line Drive, 3D, EV 101.2 MPH) Matt Calitri scores Bryan Alfaro to third Runner from 3rd tries for Home, SAFE, throw by RF to home
|
Batting: RHB Leon Edwards
|
0-0: Ball 1-0: Foul Ball, location: 2F 1-1: SINGLE (Line Drive, 34, EV 105.0 MPH) Brendan Bundy to third
|
Batting: RHB Josh Mauer
|
0-0: Ball 1-0: Ball 2-0: Ball 3-0: Called Strike 3-1: Foul Ball, location: 2F 3-2: Ground out 1-3 (Groundball, 13S, EV 60.6 MPH)
|
Bottom of the 1st over - 3 runs, 3 hits, 1 error, 2 left on base; Eugene 0 - Williamsport 3 |
TOP OF THE 2ND |
Eugene Emeralds batting - Pitching for Williamsport Crosscutters : RHP Vince DeFord
|
Batting: RHB Ryan Bush
|
0-0: Ball 1-0: Foul Ball, location: 2F 1-1: Swinging Strike 1-2: Strikes out swinging
|
Batting: RHB Bill Holmes
|
0-0: Called Strike 0-1: Called Strike 0-2: Foul Ball, location: 2F 0-2: Strikes out swinging
|
Batting: RHB Tim Long
|
0-0: Ball 1-0: Foul Ball, location: 2F 1-1: Foul Ball, location: 2F 1-2: Ball 2-2: Ball 3-2: Foul Ball, location: 2F 3-2: Strikes out swinging
|
Top of the 2nd over - 0 runs, 0 hits, 0 errors, 0 left on base; Eugene 0 - Williamsport 3 |
BOTTOM OF THE 2ND |
Williamsport Crosscutters batting - Pitching for Eugene Emeralds : RHP Carlos Zavala
|
Batting: RHB Marcus Carter
|
0-0: Ball 1-0: Ball 2-0: Ball 3-0: Called Strike 3-1: Base on Balls
|
Batting: LHB Brent Dutcher
|
0-0: Ball Marcus Carter steals 2nd base 1-0: Ball 2-0: Called Strike 2-1: Ball 3-1: Base on Balls
|
Batting: RHB Robby Adair
|
0-0: TRIPLE (Line Drive, 9LD, EV 103.8 MPH) Marcus Carter scores Brent Dutcher scores
|
Batting: RHB Tak-keung Chieu
|
0-0: Called Strike 0-1: Ball 1-1: Foul Ball, location: 2F 1-2: Ball 2-2: Ball 3-2: DOUBLE (Line Drive, 7LS, EV 102.5 MPH) Robby Adair scores
|
Batting: LHB Matt Calitri
|
0-0: Ball 1-0: Ball 2-0: Ball 3-0: Called Strike 3-1: 2-RUN HOME RUN (Flyball, 9D, EV 96.9 MPH), Distance : 385 ft
|
Pitching: RHP Jonathan Ridgely
|
|
Batting: RHB Bryan Alfaro
|
0-0: Ball 1-0: Foul Ball, location: 2F 1-1: Foul Ball, location: 2F 1-2: Foul Ball, location: 2F 1-2: Ball 2-2: TRIPLE (Line Drive, 89XD, EV 110.6 MPH)
|
Batting: SHB Brendan Bundy
|
0-0: Ball 1-0: Ball 2-0: Ball Passed Ball! Bryan Alfaro scores 3-0: Base on Balls
|
Batting: RHB Leon Edwards
|
0-0: Ball 1-0: Ball 2-0: Ball 3-0: Base on Balls Brendan Bundy to second
|
Batting: RHB Josh Mauer
|
0-0: Swinging Strike 0-1: Ball 1-1: Swinging Strike 1-2: 3-RUN HOME RUN (Flyball, 78XD, EV 109.4 MPH), Distance : 419 ft
|
Batting: RHB Marcus Carter
|
0-0: Fly out, F4 (Popup, 34S, EV 78.1 MPH)
|
Batting: LHB Brent Dutcher
|
0-0: Called Strike 0-1: Ground out 5-3 (Groundball, 15, EV 84.4 MPH)
|
Batting: RHB Robby Adair
|
0-0: SINGLE (Groundball, 56S, EV 65.0 MPH) (infield hit)
|
Batting: RHB Tak-keung Chieu
|
0-0: Ball Wild Pitch! Robby Adair to second 1-0: Ball 2-0: Foul Ball, location: 2F 2-1: Fly out, F9 (Flyball, 89S, EV 85.6 MPH)
|
Bottom of the 2nd over - 9 runs, 6 hits, 0 errors, 1 left on base; Eugene 0 - Williamsport 12 |
TOP OF THE 3RD |
Eugene Emeralds batting - Pitching for Williamsport Crosscutters : RHP Vince DeFord
|
Batting: RHB Josh Asch
|
0-0: Called Strike 0-1: Ball 1-1: Called Strike 1-2: Ball 2-2: Foul Ball, location: 2F 2-2: Strikes out swinging
|
Batting: RHB Jerry Blas
|
0-0: Ball 1-0: Swinging Strike 1-1: Foul Ball, location: 2F 1-2: Strikes out looking
|
Batting: RHB Alvaro Romero
|
0-0: Swinging Strike 0-1: Called Strike 0-2: Ball 1-2: Foul Ball, location: 2F 1-2: Strikes out swinging
|
Top of the 3rd over - 0 runs, 0 hits, 0 errors, 0 left on base; Eugene 0 - Williamsport 12 |
BOTTOM OF THE 3RD |
Williamsport Crosscutters batting - Pitching for Eugene Emeralds : RHP Jonathan Ridgely
|
Batting: LHB Matt Calitri
|
0-0: Ball 1-0: SINGLE (Groundball, 34D, EV 103.8 MPH)
|
DELAY
|
Rain delay of 62 minutes in the 3rd inning.
|
Batting: RHB Bryan Alfaro
|
0-0: Called Strike 0-1: Ball 1-1: Called Strike 1-2: Foul Ball, location: 2F 1-2: Foul Ball, location: 2F 1-2: Foul Ball, location: 2F 1-2: Ball 2-2: Ball 3-2: Foul Ball, location: 2F 3-2: Hit by Pitch Matt Calitri to second
|
Batting: SHB Brendan Bundy
|
0-0: Ball 1-0: Ball 2-0: Ball 3-0: Called Strike 3-1: Foul Ball, location: 2F 3-2: Base on Balls Matt Calitri to third Bryan Alfaro to second
|
Batting: RHB Leon Edwards
|
0-0: Ball Wild Pitch! Matt Calitri scores Bryan Alfaro to third Brendan Bundy to second 1-0: Ball 2-0: Ball 3-0: Base on Balls
|
Batting: RHB Josh Mauer
|
0-0: Called Strike 0-1: Ball Balk! Bryan Alfaro scores Brendan Bundy to third Leon Edwards to second 1-1: Ball 2-1: Ball 3-1: Base on Balls
|
Batting: RHB Marcus Carter
|
0-0: Ball 1-0: Ball 2-0: Ball 3-0: Base on Balls Brendan Bundy scores Leon Edwards to third Josh Mauer to second
|
Batting: LHB Brent Dutcher
|
0-0: Grounds into double play, 5-4-3 (Groundball, 56, EV 81.9 MPH) Leon Edwards scores Josh Mauer to third
|
Batting: RHB Robby Adair
|
0-0: Ball Wild Pitch! Josh Mauer scores 1-0: Ground out 1-3 (Groundball, P, EV 68.1 MPH)
|
Bottom of the 3rd over - 5 runs, 1 hit, 0 errors, 0 left on base; Eugene 0 - Williamsport 17 |
TOP OF THE 4TH |
Eugene Emeralds batting - Pitching for Williamsport Crosscutters : RHP Vince DeFord
|
Batting: RHB Du Kim
|
0-0: Foul Ball, location: 2F 0-1: Called Strike 0-2: Foul Ball, location: 2F 0-2: Ball 1-2: Strikes out swinging
|
Batting: RHB Eric Wiss
|
0-0: Ball 1-0: Ground out 6-3 (Groundball, 6, EV 83.8 MPH)
|
Batting: RHB Taylor Garofalo
|
0-0: Ball 1-0: Ball 2-0: Ball 3-0: Base on Balls
|
Batting: RHB Ryan Bush
|
0-0: Ball Wild Pitch! Taylor Garofalo to second 1-0: Called Strike 1-1: Foul Ball, location: 2F 1-2: Ball 2-2: Ground out 6-3 (Groundball, 6, EV 93.1 MPH)
|
Top of the 4th over - 0 runs, 0 hits, 0 errors, 1 left on base; Eugene 0 - Williamsport 17 |
BOTTOM OF THE 4TH |
Williamsport Crosscutters batting - Pitching for Eugene Emeralds : RHP Jonathan Ridgely
|
Batting: RHB Tak-keung Chieu
|
0-0: Swinging Strike 0-1: DOUBLE (Flyball, 89D, EV 101.9 MPH)
|
Batting: LHB Matt Calitri
|
0-0: Swinging Strike 0-1: Foul Ball, location: 2F Balk! Tak-keung Chieu to third 0-2: Strikes out swinging
|
Batting: RHB Bryan Alfaro
|
0-0: Ball 1-0: Foul Ball, location: 2F 1-1: Ball 2-1: Ball 3-1: Base on Balls
|
Batting: SHB Brendan Bundy
|
0-0: SINGLE (Groundball, 4D, EV 105.0 MPH) Tak-keung Chieu scores Bryan Alfaro to second Throwing error, E8 Bryan Alfaro scores Brendan Bundy to second
|
Batting: RHB Leon Edwards
|
0-0: Reached on error, E4 (Groundball, 4, EV 81.9 MPH) Brendan Bundy to third
|
Batting: RHB Josh Mauer
|
0-0: Called Strike 0-1: Ball 1-1: Ball Wild Pitch! Brendan Bundy scores Leon Edwards to second 2-1: Called Strike 2-2: Ball 3-2: Strikes out swinging
|
Batting: RHB Marcus Carter
|
0-0: Ball 1-0: Ball 2-0: Ball 3-0: Base on Balls
|
Batting: LHB Brent Dutcher
|
0-0: Ball 1-0: Foul Ball, location: 2F 1-1: Foul Ball, location: 2F 1-2: Ball 2-2: Ball 3-2: Foul Ball, location: 2F 3-2: Base on Balls Leon Edwards to third Marcus Carter to second
|
Batting: RHB Robby Adair
|
0-0: Ball Wild Pitch! Leon Edwards scores Marcus Carter to third Brent Dutcher to second 1-0: Foul Ball, location: 2F 1-1: SINGLE (Groundball, 4D, EV 108.1 MPH) Marcus Carter scores Brent Dutcher to third Runner from 3rd tries for Home, SAFE, throw by CF to home
|
Batting: RHB Tak-keung Chieu
|
0-0: Hit by Pitch Robby Adair to second
|
Batting: LHB Matt Calitri
|
0-0: Ball 1-0: Ball 2-0: Ball 3-0: Base on Balls Robby Adair to third Tak-keung Chieu to second
|
Batting: RHB Bryan Alfaro
|
0-0: SINGLE (Line Drive, 56D, EV 96.9 MPH) Robby Adair scores Tak-keung Chieu to third Matt Calitri to second Runner from 3rd tries for Home, throw by LF and OUT! 7-2
|
Bottom of the 4th over - 7 runs, 4 hits, 2 errors, 2 left on base; Eugene 0 - Williamsport 24 |
TOP OF THE 5TH |
Eugene Emeralds batting - Pitching for Williamsport Crosscutters : RHP Vince DeFord
|
Batting: RHB Bill Holmes
|
0-0: Ground out U3 (Groundball, 13, EV 81.9 MPH)
|
Batting: RHB Tim Long
|
0-0: Called Strike 0-1: Swinging Strike 0-2: Ball 1-2: Foul Ball, location: 2F 1-2: Hit by Pitch
|
Batting: RHB Josh Asch
|
0-0: Ball 1-0: Ball 2-0: Foul Ball, location: 2F 2-1: Swinging Strike 2-2: Ball 3-2: Strikes out swinging
|
Pitching: RHP Danny Felan
|
|
Batting: RHB Jerry Blas
|
0-0: Called Strike 0-1: Ball 1-1: Foul Ball, location: 2F 1-2: Ball 2-2: Strikes out swinging
|
Top of the 5th over - 0 runs, 0 hits, 0 errors, 1 left on base; Eugene 0 - Williamsport 24 |
BOTTOM OF THE 5TH |
Williamsport Crosscutters batting - Pitching for Eugene Emeralds : RHP Jonathan Ridgely
|
Batting: SHB Brendan Bundy
|
0-0: Called Strike 0-1: Ball 1-1: Swinging Strike 1-2: Ball 2-2: Ball 3-2: Base on Balls
|
Batting: RHB Leon Edwards
|
0-0: Called Strike 0-1: DOUBLE (Groundball, 5L, EV 108.1 MPH) Brendan Bundy to third
|
Batting: RHB Josh Mauer
|
0-0: Hit by Pitch
|
Batting: RHB Marcus Carter
|
0-0: Ball 1-0: Fly out, F9 (Flyball, 9S, EV 87.5 MPH)
|
Batting: LHB Brent Dutcher
|
0-0: Ball 1-0: Ball 2-0: Swinging Strike 2-1: Foul Ball, location: 2F 2-2: Ball 3-2: Base on Balls Brendan Bundy scores Leon Edwards to third Josh Mauer to second
|
Batting: RHB Robby Adair
|
0-0: Ball Wild Pitch! Leon Edwards scores Josh Mauer to third Brent Dutcher to second 1-0: Ball 2-0: Ball Wild Pitch! Josh Mauer scores Brent Dutcher to third 3-0: Base on Balls
|
Batting: RHB Tak-keung Chieu
|
0-0: Ball Passed Ball! Brent Dutcher scores Robby Adair to second 1-0: Fly out, F8 (Flyball, 8LD, EV 91.2 MPH)
|
Batting: LHB Matt Calitri
|
0-0: Fly out, F4 (Popup, 4M, EV 58.1 MPH)
|
Bottom of the 5th over - 4 runs, 1 hit, 0 errors, 1 left on base; Eugene 0 - Williamsport 28 |
TOP OF THE 6TH |
Eugene Emeralds batting - Pitching for Williamsport Crosscutters : RHP Danny Felan
|
Batting: RHB Alvaro Romero
|
0-0: Fly out, F7 (Flyball, 7LM, EV 89.4 MPH)
|
Batting: RHB Du Kim
|
0-0: Ball 1-0: Called Strike 1-1: Foul Ball, location: 2F 1-2: Foul Ball, location: 2F 1-2: Foul Ball, location: 2F 1-2: Ball 2-2: Strikes out swinging
|
Batting: RHB Eric Wiss
|
0-0: Called Strike 0-1: Ball 1-1: Called Strike 1-2: Strikes out swinging
|
Top of the 6th over - 0 runs, 0 hits, 0 errors, 0 left on base; Eugene 0 - Williamsport 28 |
BOTTOM OF THE 6TH |
Williamsport Crosscutters batting - Pitching for Eugene Emeralds : RHP Jonathan Ridgely
|
Batting: RHB Bryan Alfaro
|
0-0: Ball 1-0: Ball 2-0: Called Strike 2-1: Ball 3-1: Base on Balls
|
Batting: SHB Brendan Bundy
|
0-0: Called Strike 0-1: Foul Ball, location: 2F 0-2: DOUBLE (Line Drive, 9LM, EV 111.9 MPH) Bryan Alfaro to third
|
Batting: RHB Leon Edwards
|
0-0: SINGLE (Groundball, 6M, EV 95.0 MPH) Bryan Alfaro scores Brendan Bundy to third
|
Batting: RHB Josh Mauer
|
0-0: Fly out, F9 (Flyball, 9S, EV 93.1 MPH)
|
Batting: RHB Marcus Carter
|
0-0: SINGLE (Groundball, 56, EV 96.2 MPH) Brendan Bundy scores Leon Edwards to second
|
Batting: LHB Brent Dutcher
|
0-0: Fielders Choice at 2nd, 1-4 (Groundball, 15S, EV 63.8 MPH) Leon Edwards to third
|
Batting: RHB Robby Adair
|
0-0: 3-RUN HOME RUN (Flyball, 78XD, EV 105.6 MPH), Distance : 399 ft
|
Batting: RHB Tak-keung Chieu
|
0-0: Hit by Pitch
|
Batting: LHB Matt Calitri
|
0-0: Called Strike 0-1: Fly out, F7 (Flyball, 78M, EV 86.2 MPH)
|
Bottom of the 6th over - 5 runs, 4 hits, 0 errors, 1 left on base; Eugene 0 - Williamsport 33 |
TOP OF THE 7TH |
Eugene Emeralds batting - Pitching for Williamsport Crosscutters : RHP Danny Felan
|
Batting: RHB Taylor Garofalo
|
0-0: Ball 1-0: Called Strike 1-1: Ball 2-1: Swinging Strike 2-2: Strikes out looking
|
Batting: RHB Ryan Bush
|
0-0: Foul Ball, location: 2F 0-1: Foul Ball, location: 2F 0-2: Foul Ball, location: 2F 0-2: Strikes out swinging
|
Batting: RHB Bill Holmes
|
0-0: Swinging Strike 0-1: Ball 1-1: Ball 2-1: Called Strike 2-2: Ball 3-2: Foul Ball, location: 2F 3-2: SINGLE (Line Drive, 7S, EV 91.2 MPH)
|
Batting: RHB Tim Long
|
0-0: Called Strike 0-1: Ball 1-1: Ball Wild Pitch! Bill Holmes to second 2-1: Foul Ball, location: 2F 2-2: Strikes out swinging
|
Top of the 7th over - 0 runs, 1 hit, 0 errors, 1 left on base; Eugene 0 - Williamsport 33 |
BOTTOM OF THE 7TH |
Williamsport Crosscutters batting - Pitching for Eugene Emeralds : RHP Jonathan Ridgely
|
Batting: RHB Bryan Alfaro
|
0-0: SINGLE (Groundball, 34, EV 101.2 MPH)
|
Batting: SHB Brendan Bundy
|
0-0: Fly out, F7 (Flyball, 78S, EV 85.6 MPH)
|
Batting: RHB Leon Edwards
|
0-0: Fielders Choice at 2nd, 3-6 (Groundball, 34S, EV 82.5 MPH)
|
Batting: RHB Josh Mauer
|
0-0: Ball 1-0: Fly out, F9 (Flyball, 89D, EV 91.2 MPH)
|
Bottom of the 7th over - 0 runs, 1 hit, 0 errors, 1 left on base; Eugene 0 - Williamsport 33 |
TOP OF THE 8TH |
Eugene Emeralds batting - Pitching for Williamsport Crosscutters : RHP Danny Felan
|
Batting: RHB Josh Asch
|
0-0: Ball 1-0: Ball 2-0: Ball 3-0: Called Strike 3-1: Swinging Strike 3-2: Strikes out swinging
|
Batting: RHB Jerry Blas
|
0-0: Ball 1-0: Called Strike 1-1: Foul Ball, location: 2F 1-2: Strikes out swinging
|
Batting: RHB Alvaro Romero
|
0-0: Foul Ball, location: 2F 0-1: Fly out, F9 (Flyball, 9S, EV 83.8 MPH)
|
Top of the 8th over - 0 runs, 0 hits, 0 errors, 0 left on base; Eugene 0 - Williamsport 33 |
BOTTOM OF THE 8TH |
Williamsport Crosscutters batting - Pitching for Eugene Emeralds : RHP Jonathan Ridgely
|
Batting: RHB Marcus Carter
|
0-0: SINGLE (Groundball, 6M, EV 87.5 MPH) (infield hit)
|
Batting: LHB Brent Dutcher
|
Balk! Marcus Carter to second Balk! Marcus Carter to third 0-0: Called Strike 0-1: Ground out 4-3 (Groundball, 34D, EV 93.1 MPH) Marcus Carter scores
|
Pinch Hitting: RHB Jeff Cornett
|
0-0: Swinging Strike 0-1: Ball 1-1: Foul Ball, location: 2F 1-2: Reached on error, E6 (Groundball, 6, EV 76.9 MPH)
|
Batting: RHB Tak-keung Chieu
|
0-0: Fly out, F8 (Line Drive, 8LD, EV 94.4 MPH)
|
Batting: LHB Matt Calitri
|
0-0: Ball 1-0: Ball Passed Ball! Jeff Cornett to second Balk! Jeff Cornett to third 2-0: Foul Ball, location: 2F 2-1: Ball 3-1: Foul Ball, location: 2F 3-2: Foul Ball, location: 2F Balk! Jeff Cornett scores 3-2: Base on Balls
|
Batting: RHB Bryan Alfaro
|
0-0: Ball 1-0: Called Strike 1-1: Fly out, F9 (Flyball, 89D, EV 106.2 MPH)
|
Bottom of the 8th over - 2 runs, 1 hit, 1 error, 1 left on base; Eugene 0 - Williamsport 35 |
TOP OF THE 9TH |
Eugene Emeralds batting - Pitching for Williamsport Crosscutters : RHP Danny Felan
|
Now in LF: Jeff Cornett
|
|
Batting: RHB Du Kim
|
0-0: Reached on error, E5 (Groundball, 56S, EV 82.5 MPH)
|
Pitching: RHP Stewart Wilson
|
|
Batting: RHB Eric Wiss
|
0-0: Called Strike 0-1: Called Strike 0-2: Grounds into double play, 6-4-3 (Groundball, 6M, EV 105.0 MPH)
|
Batting: RHB Taylor Garofalo
|
0-0: Called Strike 0-1: Foul Ball, location: 2F 0-2: Fly out, F8 (Flyball, 8RM, EV 93.1 MPH)
|
Top of the 9th over - 0 runs, 0 hits, 1 error, 0 left on base; Eugene 0 - Williamsport 35 |
|